 Dungeon Crawl Stone Soup version 0.23.1-37-gaa34b87b72 (webtiles) character file.

Game seed: 13370543849400500876

77 CKAuHET the Sneak (level 4, -3/23 HPs)
             Began as a Spriggan Assassin on Mar 21, 2019.
             Killed by divine providence
             ... invoked by an orc priest
              (14 damage)
             ... on level 3 of the Dungeon.
             The game lasted 00:07:05 (1894 turns).

CKAuHET the Sneak (Spriggan Assassin)               Turns: 1894, Time: 00:07:06

Health: -3/23      AC:  3    Str:  7    XL:     4   Next: 13%
Magic:  5/5        EV: 18    Int: 12    God:
Gold:   73         SH:  0    Dex: 18    Spells: 3/3 levels left

rFire    . . .     SeeInvis +   a - +3 dagger
rCold    + . .     Gourm    .   (shield restricted)
rNeg     . . .     Faith    .   c - +0 robe
rPois    .         Spirit   .   (helmet restricted)
rElec    .         Reflect  .   d - +0 cloak
rCorr    .         Harm     .   (gloves unavailable)
MR       .....                  (boots unavailable)
Stlth    ++++......             q - amulet of magic regeneration
HPRegen  0.07/turn              j - ring of protection from cold
MPRegen  0.34/turn              (no ring)

@: very quick
A: very small, unfitting armour, see invisible, herbivore, speed 3, slow
metabolism 2
a: no special abilities


You were on level 3 of the Dungeon.
You were not hungry.

You visited 1 branch of the dungeon, and saw 3 of its levels.

You collected 73 gold pieces.

Inventory:

Hand Weapons
 a - a +3 dagger (weapon)
 b - a +0 blowgun
Missiles
 e - 3 poisoned needles
 f - 2 curare-tipped needles
Armour
 c - a +0 robe (worn)
 d - a +0 cloak (worn)
Jewellery
 j - a ring of protection from cold (left hand)
 l - an uncursed amulet of inaccuracy
 q - an amulet of magic regeneration (around neck)
Scrolls
 k - a scroll of magic mapping {unknown}
 o - 5 scrolls of identify
 r - a scroll of amnesia {unknown}
 s - a scroll of enchant armour {unknown}
Potions
 h - a potion of brilliance {unknown}
 i - a potion of magic {unknown}
 m - a potion of curing {unknown}
 n - a potion of degeneration {unknown}
 p - a potion of resistance
Comestibles
 g - 3 rations


   Skills:
 + Level 2.0 Fighting
 + Level 3.3 Short Blades
 + Level 2.2 Throwing
 + Level 2.3 Dodging
 + Level 6.8 Stealth


You had 3 spell levels left.
You didn't know any spells.
Your spell library was empty.

Dungeon Overview and Level Annotations

Branches:
Dungeon (3/15)

Altars:


Innate Abilities, Weirdness & Mutations

You are very small and have problems with some larger weapons.
You are too small for most types of armour.
You have supernaturally acute eyesight. (SInv)
You are a herbivore.
You cover ground extremely quickly.
You need to consume almost no food.


Message History

You hit the orc.
You kill the orc!
You hit the orc priest.
The orc priest is lightly wounded.
The orc priest casts a cantrip, but nothing happens.
You start resting.
The orc is too close now for your liking.
There are monsters nearby!
There are monsters nearby!
You hit the orc priest.
The orc priest is moderately wounded.
The orc priest misses you.
You barely miss the orc priest.
The orc priest is moderately wounded.
You hit the orc priest.
The orc priest is moderately wounded.
The orc priest calls down the wrath of Beogh upon you.
Beogh smites you!
Ouch! That really hurt!
You die...

#...# # #(#.# #..
##.#.####...#
##..#.#....#
##......o###
#...###....# #
#.†## ####o# .
##..# #o# #.o.# #@#
####)#.# #.#
###..o...# ...
o##.#).#####..###..
..(.(.<......# ###
...o...#######
.......# .......#
########


You could see an orc priest and an orc.

Vanquished Creatures
  An adder (D:2)
  A worm (D:2)
  2 dart slugs (D:1)
  2 leopard geckos
  3 orcs (D:3)
  5 giant cockroaches
  8 goblins
  10 hobgoblins
  2 jackals (D:2)
  3 kobolds
  5 bats
  5 frilled lizards
  3 rats
50 creatures vanquished.

Notes
Turn   | Place    | Note
-------+----------+-------------------------------------------
     0 | D:1      | CKAuHET the Spriggan Assassin began the quest for the Orb.
     0 | D:1      | Reached XP level 1. HP: 10/10 MP: 2/2
    28 | D:1      | Reached skill level 6 in Stealth
   351 | D:1      | Reached XP level 2. HP: 6/15 MP: 3/3
   987 | D:1      | Reached XP level 3. HP: 18/18 MP: 4/4
  1802 | D:3      | Reached XP level 4. HP: 16/23 MP: 5/5
  1894 | D:3      | Killed from afar by an orc priest

Skill      XL: |  1  2  3 |
---------------+----------+-----
Stealth        | 6 |  6.8
Fighting       | 2 |  2.0
Dodging        | 2 |  2.3
Short Blades   | 3 |  3.3
Throwing       | |  2.2

Action                   |  1- 3 |  4- 6 || total
-------------------------+-------+-------++-------
Melee: Dagger            |   169 |    19 ||   188
 Fire: Blowgun           |     9 |     4 ||    13
  Use: Scroll            |     4 |       ||     4
 Stab: Sleeping          |     9 |       ||     9
Armor: Robe              |    23 |       ||    23
Dodge: Dodged            |   117 |     8 ||   125
